Dernière mise à jour: 2025-12-07 16:11:59
% Time on Ice - SPOKANE KNIGHTS
Lines # - Real PCT - Wanted PCT - Time Play
Normal Forward
1 - 29% - 30% - 16:38
2 - 28% - 30% - 16:01
3 - 28% - 30% - 16:25
4 - 15% - 10% - 8:41
Normal Defense
1 - 28% - 30% - 15:58
2 - 32% - 30% - 18:19
3 - 28% - 25% - 16:21
4 - 12% - 15% - 7:07
PP Forward
1 - 51% - 60% - 1:09
2 - 49% - 40% - 1:06
PP Defense
1 - 54% - 60% - 1:13
2 - 46% - 40% - 1:02
PK Forward
1 - 0% - 60%
2 - 0% - 40%
PK Defense
1 - 0% - 60%
2 - 0% - 40%
PK3 Forward
1 - 0% - 55%
2 - 0% - 45%
PK3 Defense
1 - 0% - 55%
2 - 0% - 45%
44 Forward
1 - 0% - 55%
2 - 0% - 45%
44 Defense
1 - 0% - 55%
2 - 0% - 45%
Last Minute Offensive  - 0:00
Last Minute Defensive  - 0:00
Total
Forward - 60:00
Defense - 60:00
% Time on Ice - SACRAMENTO BANDITS
Lines # - Real PCT - Wanted PCT - Time Play
Normal Forward
1 - 33% - 36% - 18:58
2 - 26% - 31% - 14:52
3 - 16% - 23% - 9:08
4 - 26% - 10% - 14:47
Normal Defense
1 - 36% - 36% - 20:34
2 - 32% - 31% - 18:40
3 - 26% - 23% - 14:44
4 - 7% - 10% - 3:47
PP Forward
1 - 0% - 55%
2 - 0% - 45%
PP Defense
1 - 0% - 55%
2 - 0% - 45%
PK Forward
1 - 62% - 55% - 1:24
2 - 38% - 45% - 0:51
PK Defense
1 - 73% - 55% - 1:38
2 - 27% - 45% - 0:37
PK3 Forward
1 - 0% - 55%
2 - 0% - 45%
PK3 Defense
1 - 0% - 55%
2 - 0% - 45%
44 Forward
1 - 0% - 55%
2 - 0% - 45%
44 Defense
1 - 0% - 55%
2 - 0% - 45%
Last Minute Offensive  - 0:00
Last Minute Defensive  - 0:00
Total
Forward - 60:00
Defense - 60:00
Play-by-Play 1st period 0:01 of 1st period - Blake Wheeler wins face-off versus Anthony Cirelli in neutral zone. 0:09 of 1st period - Minor Penalty to Aaron Ekblad for Hooking. 0:10 of 1st period - Jonathan Huberdeau wins face-off versus Anthony Cirelli in SACRAMENTO BANDITS zone. 0:42 of 1st period - Shot by Quinton Byfield. 0:42 of 1st period - Stopped by Daniel Vladar without a rebound. 0:43 of 1st period - Lars Eller wins face-off versus Jonathan Huberdeau in SACRAMENTO BANDITS zone. 1:11 of 1st period - Cole Sillinger beats up Zach Bogosian. 1:11 of 1st period - Penalty to Zach Bogosian for Fighting. 1:11 of 1st period - Penalty to Cole Sillinger for Fighting. 1:12 of 1st period - Anthony Cirelli wins face-off versus Blake Wheeler in SACRAMENTO BANDITS zone. 1:19 of 1st period - Shot by Adam Fox. 1:19 of 1st period - Shot Misses the Net. 1:21 of 1st period - Shot by Anthony Cirelli. 1:21 of 1st period - Stopped by Daniel Vladar with a rebound. 1:23 of 1st period - Shot by Evan Bouchard. 1:23 of 1st period - Stopped by Daniel Vladar without a rebound. 1:24 of 1st period - Anthony Cirelli wins face-off versus Jonathan Huberdeau in SACRAMENTO BANDITS zone. 1:29 of 1st period - Shot by Evan Bouchard. 1:29 of 1st period - Shot Blocked by Joel Edmundson. 1:31 of 1st period - Shot by Evan Bouchard. 1:31 of 1st period - Shot Misses the Net. 1:33 of 1st period - Shot by Evan Bouchard. 1:33 of 1st period - Shot Blocked by Joel Edmundson. 1:35 of 1st period - Shot by Anthony Cirelli. 1:35 of 1st period - Stopped by Daniel Vladar without a rebound. 1:36 of 1st period - Lars Eller wins face-off versus Blake Wheeler in SACRAMENTO BANDITS zone. 3:03 of 1st period - Icing by Evan Bouchard. 3:04 of 1st period - Blake Wheeler wins face-off versus Kevin Stenlund in SPOKANE KNIGHTS zone. 3:04 of 1st period - Blake Wheeler is hit by Adam Fox. 4:19 of 1st period - Jonathan Huberdeau is hit by Noel Acciari and loses puck. 5:22 of 1st period - Shot by Anthony Cirelli. 5:22 of 1st period - Deflect By Shane Pinto. 5:22 of 1st period - Shot Misses the Net. 5:24 of 1st period - Shot by Evan Bouchard. 5:24 of 1st period - Stopped by Daniel Vladar without a rebound. 5:24 of 1st period - Daniel Vladar from SACRAMENTO BANDITS is injured at 5:24 of 1st period (Groin). 5:24 of 1st period - Matthew Murray enters game. 5:25 of 1st period - Kevin Stenlund wins face-off versus Anthony Beauvillier in SACRAMENTO BANDITS zone. 5:25 of 1st period - Kevin Stenlund is hit by Simon Edvinsson. 5:53 of 1st period - Shot by Lars Eller. 5:53 of 1st period - Stopped by Matthew Murray without a rebound. 5:54 of 1st period - Noel Acciari wins face-off versus Fredrik Karlstrom in SACRAMENTO BANDITS zone. 5:57 of 1st period - Shot by Quinton Byfield. 5:57 of 1st period - Shot Blocked by Aaron Ekblad. 6:20 of 1st period - Icing by Simon Edvinsson. 6:21 of 1st period - Fredrik Karlstrom wins face-off versus Dylan Guenther in SACRAMENTO BANDITS zone. 7:44 of 1st period - Josh Anderson is hit by Lars Eller. 7:50 of 1st period - Anthony Beauvillier is hit by Cole Sillinger and loses puck. 8:36 of 1st period - Shot by Quinton Byfield. 8:36 of 1st period - Shot Misses the Net. 8:38 of 1st period - Shot by Noel Acciari. 8:38 of 1st period - Goal by Noel Acciari - SPOKANE KNIGHTS : 1 - SACRAMENTO BANDITS : 0. 8:39 of 1st period - Adam Gaudette wins face-off versus Kevin Stenlund in neutral zone. 9:11 of 1st period - Icing by Josh Anderson. 9:12 of 1st period - Anthony Cirelli wins face-off versus Adam Gaudette in SACRAMENTO BANDITS zone. 9:29 of 1st period - Shot by Dylan Guenther. 9:29 of 1st period - Stopped by Matthew Murray without a rebound. 9:30 of 1st period - Blake Wheeler wins face-off versus Noel Acciari in SACRAMENTO BANDITS zone. 9:30 of 1st period - Blake Wheeler is hit by Noel Acciari. 9:43 of 1st period - Shot by Jonathan Huberdeau. 9:43 of 1st period - Goal by Jonathan Huberdeau - SPOKANE KNIGHTS : 1 - SACRAMENTO BANDITS : 1. 9:44 of 1st period - Anthony Cirelli wins face-off versus Blake Wheeler in neutral zone. 11:01 of 1st period - Shot by Connor Zary. 11:01 of 1st period - Deflect By Quinton Byfield. 11:01 of 1st period - Shot Misses the Net. 11:03 of 1st period - Shot by Connor Zary. 11:03 of 1st period - Stopped by Matthew Murray without a rebound. 11:04 of 1st period - Cole Sillinger wins face-off versus Adam Gaudette in SACRAMENTO BANDITS zone. 11:39 of 1st period - Shot by Lars Eller. 11:39 of 1st period - Stopped by Matthew Murray without a rebound. 11:40 of 1st period - Noel Acciari wins face-off versus Fredrik Karlstrom in SACRAMENTO BANDITS zone. 11:58 of 1st period - Matthew Knies is hit by Radko Gudas. 12:36 of 1st period - Shot by Dylan Guenther. 12:36 of 1st period - Stopped by Matthew Murray without a rebound. 12:37 of 1st period - Cole Sillinger wins face-off versus Anthony Beauvillier in SACRAMENTO BANDITS zone. 13:18 of 1st period - Shot by Adam Fox. 13:18 of 1st period - Stopped by Matthew Murray with a rebound. 13:46 of 1st period - Off-side. 13:47 of 1st period - Blake Wheeler wins face-off versus Kevin Stenlund in neutral zone. 15:25 of 1st period - Shot by Quinton Byfield. 15:25 of 1st period - Shot Misses the Net. 15:27 of 1st period - Shot by Connor Zary. 15:27 of 1st period - Shot Misses the Net. 15:59 of 1st period - Kyle Burroughs is hit by Joel Edmundson and loses puck. 16:14 of 1st period - Shot by Anthony Cirelli. 16: